 Dungeon Crawl Stone Soup version 0.30-a0-457-g4b7bca3bfa (webtiles) character file.

Game seed: 11140850001883708457

212 p00ps00p the Trooper (level 5, -4/47 HPs)
             Began as a Hill Orc Fighter on Dec 14, 2022.
             Slain by an ogre
             ... wielding a +0 giant club
              (18 damage)
             ... on level 4 of the Dungeon.
             The game lasted 00:03:13 (2122 turns).

p00ps00p the Trooper (Hill Orc Fighter)             Turns: 2122, Time: 00:03:14

Health: -4/47      AC:  7    Str: 21    XL:     5   Next: 89%
Magic:  5/5        EV:  9    Int:  8    God:
Gold:   442        SH:  5    Dex: 10    Spells: 4/4 levels left

rFire   . . .      SeeInvis .    a - +1 war axe
rCold   . . .      Faith    .    c - +1 buckler
rNeg    . . .      Spirit   .    b - +0 scale mail
rPois   .          Reflect  .    (no helmet)
rElec   .          Harm     .    (no cloak)
rCorr   .          Rampage  .    (no gloves)
Will    +....                    (no boots)
Stlth   ..........               (no amulet)
HPRegen 0.27/turn                f - ring of willpower
MPRegen 0.09/turn                (no ring)

@: no status effects
A: no striking features
a: no special abilities


You were on level 4 of the Dungeon.
You visited 1 branch of the dungeon, and saw 4 of its levels.

You collected 442 gold pieces.

Inventory:

Hand Weapons
 a - a +1 war axe (weapon)
Armour
 b - a +0 scale mail (worn)
 c - a +1 buckler (worn)
Jewellery
 f - a ring of willpower (left hand)
 n - a +6 ring of strength
Scrolls
 g - a scroll of fear
Potions
 d - a potion of might
 e - 4 potions of curing
 h - a potion of haste {unknown}
 i - a potion of brilliance {unknown}
 j - a potion of lignification
 k - a potion of degeneration {unknown}
 l - a potion of heal wounds


   Skills:
 + Level 4.9 Fighting
 + Level 4.5 Axes
 + Level 4.5 Armour
 + Level 4.4 Shields


You had 4 spell levels left.
You didn't know any spells.
Your spell library contained the following spells:

 Spells                   Type           Power      Damage    Failure   Level
 Static Discharge         Conj/Air       0%         2-2/arc   92%         2
 Vhi's Electric Charge    Tloc/Air       0%         N/A       99%         3
 Arcjolt                  Conj/Air       0%         1d10      100%        5
 Lightning Bolt           Conj/Air       0%         1d11      100%        5


Dungeon Overview and Level Annotations

Branches:
Dungeon (4/15)
 Temple: D:4-7

Altars:
Qazlal


Message History

The iguana is lightly wounded.
The iguana bites you! The iguana bites you.
You barely miss the iguana.
The iguana is lightly wounded.
The iguana bites you.
You slash the iguana!
The iguana is severely wounded.
The iguana bites you!
You are too injured to fight recklessly!
You are too injured to fight recklessly!
You are too injured to fight recklessly!
You are too injured to fight recklessly!
You are too injured to fight recklessly!
You are too injured to fight recklessly!
You are too injured to fight recklessly!
You are too injured to fight recklessly!
You are too injured to fight recklessly!
You are too injured to fight recklessly!
An iguana is nearby!
An iguana is nearby!
Unknown command.
You slash the iguana!
You kill the iguana!
An ogre comes into view. It is wielding a +0 giant club.
The ogre shouts!
You feel much better.
A hobgoblin comes into view.
The hobgoblin shouts!
You hit the ogre.
The ogre is lightly wounded.
The ogre barely misses you.
You hit the ogre.
The ogre is lightly wounded.
The ogre hits you with a +0 giant club!!
Ouch! That really hurt!
* * * LOW HITPOINT WARNING * * *
You slash the ogre!
The ogre is severely wounded.
The ogre hits you with a +0 giant club!!
You die...

.# ####.. ###... .....#
..... . ....# #### #...
.. ....#.....# #.. ...
...>... ... #.# ....
####.### #.####.# .....
#P#.#~# #..$...##......
##~#.#~####.....@O......
.P.#.#.~.##.##..>.<.###.
####.######.##......#
............#########
###########.#
~~.~~~..~##.#
###########.# #.# ..#


You could see an ogre.

Vanquished Creatures
  An orc priest (D:3)
  A hound (D:3)
  A jelly (D:4)
  An iguana (D:4)
  An adder (D:3)
  2 dart slugs (D:1)
  4 orcs (D:3)
  12 endoplasms
  3 giant cockroaches (D:1)
  9 goblins
  7 hobgoblins
  3 jackals (D:3)
  4 quokkas
  3 ball pythons
  5 bats
  14 frilled lizards
  6 kobolds
  5 rats
82 creatures vanquished.

Vanquished Creatures (others)
  A fungus (D:4)
  13 plants
14 creatures vanquished.

Grand Total: 96 creatures vanquished

Notes
Turn   | Place    | Note
-------+----------+-------------------------------------------
     0 | D:1      | p00ps00p the Hill Orc Fighter began the quest for the Orb.
     0 | D:1      | Reached XP level 1. HP: 19/19 MP: 1/1
    85 | D:1      | Reached XP level 2. HP: 18/27 MP: 2/2
   275 | D:1      | Found a faded altar of an unknown god.
   278 | D:1      | Noticed an eye of devastation
   279 | D:1      | Noticed an eye of devastation
   279 | D:1      | Noticed an eye of devastation
   279 | D:1      | Noticed an eye of devastation
   291 | D:1      | Reached XP level 3. HP: 33/33 MP: 3/3
  1005 | D:2      | Reached XP level 4. HP: 37/40 MP: 4/4
  1222 | D:2      | Identified a scroll of acquirement
  1222 | D:2      | Acquired 258 gold pieces
  1457 | D:3      | Found a stormy altar of Qazlal.
  1517 | D:3      | Reached XP level 5. HP: 31/47 MP: 5/5
  2116 | D:4      | Noticed an ogre
  2122 | D:4      | Slain by an ogre

Illustrated notes

Levels and vault maps discovered:
D:1:      shiori_shiawase, layout_rooms, hellmonk_ecumenical_altar_watching_god,
          st_stairs_13, minmay_close_crescents
D:2:      layout_basic, minmay_lizard_king
D:3:      layout_rooms, mainiacjoe_overflow_chevrons
D:4:      layout_rooms, mainiacjoe_overflow_24_doors,
          minmay_temple_entry_nine_rooms, serial_aquarium,
          aquarium_bridge_square [aquarium_subvault_bridge,
          aquarium_subvault_wall, aquarium_subvault_bridge,
          aquarium_subvault_bridge], aquarium_window_fake, aquarium_window_fake,
          aquarium_window_1, aquarium_window_corner, aquarium_view_2a,
          aquarium_balcony_1a, chequers_serial_rivers_micro_d

Skill      XL: |  1  2  3  4 |
---------------+-------------+-----
Axes           | 3 4 |  4.5
Fighting       | 4 |  4.9
Armour         | 4 |  4.5
Shields        | 4 |  4.4

Action                   |  1- 3 |  4- 6 || total
-------------------------+-------+-------++-------
Melee: War axe           |   105 |    76 ||   181
  Use: Scroll            |     5 |     6 ||    11
       Potion            |       |     4 ||     4
Armor: Scale mail        |    50 |    42 ||    92
Dodge: Dodged            |    51 |    30 ||    81
Block: Buckler           |    33 |    18 ||    51

Table legend: (Time is in decaauts)
 A = Elapsed time spent in this place.
 B = Non-inter-level travel time spent in this place.
 C = Inter-level travel time spent in this place.
 D = Time resting spent in this place.
 E = Time spent auto-exploring this place.
 F = Levels seen in this place.
 G = Mean time per level.
                   A        B        C        D        E       F      G
               +--------+--------+--------+--------+--------+-----+--------+
         Total |   2187 |   2107 |     80 |      0 |   1651 |   4 |  546.8 |
       Dungeon |   2187 |   2107 |     80 |      0 |   1651 |   4 |  546.8 |
               +--------+--------+--------+--------+--------+-----+--------+

Top non-repeatable levels by time:
     D:3: 734 daAuts
     D:2: 644 daAuts
     D:1: 642 daAuts
     D:4: 165 daAuts
